AoeStats
← Ouki-San

Arabia

506708229Analyzed
4v4 RM · 17d ago on Sep 14, 2026· 44m 40s· 8 players
Game mode
Random Map
Map size
Large (8 player)
Population
200
Speed
Normal
Resources
Standard
Victory
Conquest
Starting age
Dark Age
Ending age
Imperial Age
RankedLock teamsTeams togetherTeam positionsShared explorationLock speedFull tech treeHidden civsTurbo modeCheats
Victory
Defeat
🇫🇷 Bengalis · France
1331
+12
🇫🇷 Persians · France
1231
+16
🇨🇿 Vietnamese · Czechia
1209
+16
🇫🇷 Mongols · France
1113
+20
🇫🇷 Huns · France
1234
-17
🇫🇷 Portuguese · France
1224
-16
🇫🇷 Poles · France
1215
-16
🇫🇷 Maya · France
1208
-15
matthieu.games.67
7:42 Loom
10:16 Feudal Age
14:19 Forging
21:27 Castle Age
20:46 Scale Barding Armor
22:44 Light Cavalry
23:38 Bloodlines
34:37 Gold Mining
35:53 Chain Barding Armor
45:38 Imperial Age
44:10 Scale Mail Armor
Thane
8:43 Feudal Age
6:58 Loom
9:20 Double-Bit Axe
21:01 Castle Age
19:13 Scale Barding Armor
20:09 Bloodlines
20:44 Gold Mining
21:18 Horse Collar
21:13 Light Cavalry
21:53 Husbandry
22:33 Forging
27:55 Chain Barding Armor
30:59 Wheelbarrow
30:09 Town Watch
33:10 Hand Cart
34:04 Heavy Plow
36:43 Iron Casting
42:28 Bow Saw
Imperator Ben
0:26 Loom
10:34 Feudal Age
11:24 Double-Bit Axe
16:03 Fletching
15:58 Horse Collar
23:28 Castle Age
22:39 Padded Archer Armor
23:57 Crossbowman
24:55 Thumb Ring
25:12 Bodkin Arrow
27:41 Leather Archer Armor
32:34 Ballistics
33:06 Wheelbarrow
36:51 Imperial Age
36:57 Arbalester
37:43 Bracer
38:13 Ring Archer Armor
40:55 Hand Cart
Loukfour
9:15 Feudal Age
9:52 Double-Bit Axe
9:55 Loom
12:42 Fletching
22:27 Castle Age
21:02 Padded Archer Armor
22:48 Crossbowman
23:47 Bow Saw
24:11 Bodkin Arrow
38:11 Stone Mining
40:45 Horse Collar
Sahraoui
6:18 Loom
8:10 Feudal Age
9:03 Double-Bit Axe
10:49 Wheelbarrow
20:16 Castle Age
19:12 Scale Barding Armor
19:54 Forging
20:51 Bloodlines
20:55 Light Cavalry
36:02 Gold Mining
39:30 Imperial Age
41:09 Chain Barding Armor
41:33 Iron Casting
41:39 Elite Steppe Lancer
42:40 Husbandry
[82AD] WindCraft
6:20 Loom
11:26 Feudal Age
14:35 Wheelbarrow
13:41 Horse Collar
13:49 Double-Bit Axe
28:55 Castle Age
29:01 Fletching
29:11 Padded Archer Armor
29:23 Elite Skirmisher
36:36 Ballistics
38:13 Leather Archer Armor
38:45 Bodkin Arrow
40:19 Thumb Ring
43:16 Fortified Wall
44:27 Hand Cart
Ouki-San
7:00 Loom
9:16 Feudal Age
9:56 Double-Bit Axe
11:25 Horse Collar
12:06 Town Watch
15:40 Wheelbarrow
22:12 Castle Age
20:34 Scale Barding Armor
20:42 Bloodlines
20:50 Gold Mining
23:09 Bow Saw
23:30 Chain Barding Armor
23:18 Heavy Plow
28:01 Husbandry
30:54 Hand Cart
33:56 Stone Mining
34:42 Gold Shaft Mining
36:24 Forging
39:47 Imperial Age
38:31 Iron Casting
40:59 Plate Barding Armor
39:47 Cavalier
41:55 Blast Furnace
41:13 Fletching
42:07 Savar
44:15 Bodkin Arrow
Aiden
7:07 Loom
9:44 Feudal Age
10:29 Double-Bit Axe
12:32 Fletching
17:54 Horse Collar
21:54 Castle Age
20:02 Gold Mining
20:57 Stone Mining
21:32 Padded Archer Armor
22:36 Bodkin Arrow
22:38 Crossbowman
25:36 Leather Archer Armor
26:29 Gold Shaft Mining
27:08 Ballistics
30:26 Bow Saw
30:17 Heavy Plow
33:29 Redemption
35:30 Wheelbarrow
34:41 Town Watch
Connection lost

Rejoining the realm…

Still unreachable

The connection could not be restored.

Session expired

The server has moved on; the page needs a fresh start.